 Dungeon Crawl Stone Soup version 0.24-a0-355-gbe4061de67 (webtiles) character file.

Game seed: 7034755189435854541

212 MisterOstroum the Digger (level 5, 0/32 HPs)
             Began as a Gargoyle Earth Elementalist on May 24, 2019.
             Killed by divine providence
             ... invoked by an orc priest
              (14 damage)
             ... on level 3 of the Dungeon.
             The game lasted 00:11:23 (3892 turns).

MisterOstroum the Digger (GrEE)                     Turns: 3892, Time: 00:11:23

Health: 0/32       AC: 10    Str: 12    XL:     5   Next: 89%
Magic:  9/9        EV: 11    Int: 16    God:
Gold:   130        SH:  0    Dex: 10    Spells: 4/10 levels left

rFire    . . .     SeeInvis .   o - +0 club
rCold    . . .     Gourm    .   (no shield)
rNeg     + . .     Faith    .   r - +0 leather armour
rPois    ∞         Spirit   .   (no helmet)
rElec    +         Reflect  .   (no cloak)
rCorr    .         Harm     .   u - +2 pair of gloves
MR       .....                  (no boots)
Stlth    ++........             (no amulet)
HPRegen  0.10/turn              (no ring)
MPRegen  0.11/turn              (no ring)

@: no status effects
A: negative energy resistance 1, electricity resistance, unbreathing,
petrification resistance, rot immunity, AC +4
a: no special abilities


You were on level 3 of the Dungeon.
You were not hungry.

You visited 1 branch of the dungeon, and saw 3 of its levels.

You collected 130 gold pieces.

Inventory:

Hand Weapons
 o - a +0 club (weapon)
Missiles
 b - 70 stones (quivered)
Armour
 c - a +0 robe
 r - a +0 leather armour (worn)
 u - a +2 pair of gloves (worn)
Scrolls
 d - a scroll of fog {unknown}
 f - 4 scrolls of teleportation {unknown}
 g - a scroll of random uselessness {unknown}
 h - 5 scrolls of identify {unknown}
 i - a scroll of enchant armour {unknown}
 l - 2 scrolls of blinking {unknown}
 m - a scroll of immolation {unknown}
 n - a scroll of amnesia {unknown}
 q - a scroll of remove curse {unknown}
 t - a scroll of noise {unknown}
Potions
 a - a potion of heal wounds {unknown}
 j - a potion of invisibility {unknown}
 k - 2 potions of brilliance {unknown}
 p - 2 potions of flight {unknown}
Comestibles
 e - 3 rations
 s - 2 chunks of flesh


   Skills:
 + Level 3.1 Fighting
 - Level 1.5 Dodging
 - Level 2.1 Stealth
 - Level 3.1 Spellcasting
 + Level 2.4 Conjurations
 - Level 0.7 Transmutations
 - Level 5.0 Earth Magic


You had 4 spell levels left.
You knew the following spells:

 Your Spells              Type           Power        Failure   Level  Hunger
a - Sandblast             Erth           ###...       3%          1    #......
b - Stone Arrow           Conj/Erth      ##....       16%         3    ###....
c - Passwall              Tmut/Erth      ##......     11%         2    ##.....

Your spell library contained the following spells:

 Spells                   Type           Power        Failure   Level  Hunger
 Petrify                  Tmut/Erth      ##......     58%         4    #####..
 Lee's Rapid Deconstruct  Erth           ###.......   63%         5    ######.


Dungeon Overview and Level Annotations

Branches:
Dungeon (3/15)

Altars:


Innate Abilities, Weirdness & Mutations

You are resistant to torment.
Your stone body is resilient. (AC +4)
You are immune to poison.
You resist negative energy. (rN+)
You are resistant to electric shocks. (rElec)
You can survive without breathing.
You are immune to petrification.
You are immune to rotting.


Message History

You butcher the worm corpse.
s - 3 chunks of flesh (gained 2)
An adder comes into view.
The adder hisses angrily.
The adder moves out of view.
The adder bites you but does no damage. The adder misses you.
The adder bites you but does no damage.
Casting: Stone Arrow (safe; 17% risk of failure)
Confirm with . or Enter, or press ? or * to list all spells.
Aiming: Stone Arrow (safe; 17% risk of failure)
Press: ? - help, Shift-Dir - straight line, f - adder
Aim: an adder The stone arrow hits the adder!
You kill the adder!
u - a pair of embroidered gloves Wear which item? (? for menu, Esc to quit)
You start putting on your armour.
You continue putting on your pair of embroidered gloves. x4
You finish putting on your +2 pair of gloves.
Found a stone staircase leading up.
An iguana comes into view.
Casting: Stone Arrow (safe; 16% risk of failure)
Confirm with . or Enter, or press ? or * to list all spells.
Aiming: Stone Arrow (safe; 16% risk of failure)
Press: ? - help, Shift-Dir - straight line You can't see that place. [a rock wall.]
Okay, then.
Casting: Stone Arrow (safe; 16% risk of failure)
Confirm with . or Enter, or press ? or * to list all spells.
Aiming: Stone Arrow (safe; 16% risk of failure)
Press: ? - help, Shift-Dir - straight line, f - iguana
Aim: an iguana (resting)
The stone arrow hits the iguana!
The iguana is almost dead.
The iguana hisses angrily.
Casting: Stone Arrow (safe; 16% risk of failure)
Confirm with . or Enter, or press ? or * to list all spells.
Aiming: Stone Arrow (safe; 16% risk of failure)
Press: ? - help, Shift-Dir - straight line, f/p - iguana
Aim: an iguana (almost dead)
The stone arrow misses the iguana.
The iguana bites you!
You hit the iguana but do no damage.
The iguana is almost dead.
The iguana bites you.
You barely miss the iguana.
The iguana is almost dead.
The iguana bites you.
Casting: Stone Arrow (safe; 16% risk of failure)
Confirm with . or Enter, or press ? or * to list all spells.
Aiming: Sandblast (safe; 3% risk of failure)
Press: ? - help, Shift-Dir - straight line, f/p - iguana
Aim: an iguana (almost dead)
The blast of sand hits the iguana but does no damage.
The iguana is almost dead.
b - 71 stones The iguana bites you but does no damage.
You hit the iguana but do no damage.
The iguana is almost dead.
The iguana closely misses you.
Casting: Sandblast (safe; 3% risk of failure)
Confirm with . or Enter, or press ? or * to list all spells.
Aiming: Sandblast (safe; 3% risk of failure)
Press: ? - help, Shift-Dir - straight line, f/p - iguana
Aim: an iguana (almost dead)
The blast of sand hits the iguana.
You kill the iguana!
Your Fighting skill increases to level 3!
b - 70 stones You see here an iguana corpse.
You butcher the iguana corpse.
s - 5 chunks of flesh (gained 2)
You see here an iguana skeleton.
Some of the chunks of flesh in your inventory have rotted away.
Eating one of 4 chunks of flesh.
You eat one of the 4 chunks of flesh.
This raw flesh tastes terrible.
Some of the chunks of flesh in your inventory have rotted away.
You see here an iguana skeleton.
You open the door.
Found a ring mail.
There is an open door here.
You see here a ring mail.
Found a faded altar of an unknown god. 2 orcs come into view.
The orc shouts!
You hear a shout!
An orc priest comes into view. It is wielding a +0 hand axe.
An orc priest comes into view. It is wielding a +0 short sword.
You see here a sapphire potion.
The orc priest invokes the aid of Beogh against you.
Pain shoots through your body!
The orc shouts!
The orc priest invokes the aid of Beogh against you.
Beogh smites you!
The orc priest miscasts a cantrip.
The orc priest invokes the aid of Beogh against you.
Pain shoots through your body!
The orc priest invokes the aid of Beogh against you.
Beogh smites you!
You die...

..#.#..#####.###..#..##.#
#.#...............#.....#
..........##########.#######
#.##...#..#.................
.....#.#......##.##.########
..............<..##.#######
...........................
.#####.#.####......)#####.#
..........# #.##@####
.######...# #.##o.#
[######[..# #.##..##
......'...# #......#
.#.####...# ######.#####
.#.######### #.o...!#
.#.........# #.o....#
^#.......).# #o.....#
.#.........# .........#


You could see an orc priest and 2 orcs.

Vanquished Creatures
  A bullfrog (D:2)
  An iguana (D:3)
  4 adders
  An ooze (D:2)
  5 worms
  4 dart slugs
  2 leopard geckos
  A ball python (D:1)
  5 bats
  2 giant cockroaches
  7 goblins
  7 hobgoblins
  3 quokkas
  5 frilled lizards
  6 kobolds
  8 rats
62 creatures vanquished.

Notes
Turn   | Place    | Note
-------+----------+-------------------------------------------
     0 | D:1      | MisterOstroum the Gargoyle Earth Elementalist began the
                  | quest for the Orb.
     0 | D:1      | Reached XP level 1. HP: 10/10 MP: 3/3
   210 | D:1      | Reached skill level 1 in Fighting
   210 | D:1      | Reached XP level 2. HP: 6/16 MP: 0/5
   702 | D:1      | Reached skill level 4 in Earth Magic
  1016 | D:2      | Reached XP level 3. HP: 20/20 MP: 6/6
  1087 | D:2      | Learned a level 3 spell: Stone Arrow
  1500 | D:2      | Reached XP level 4. HP: 26/26 MP: 0/8
  1677 | D:2      | Reached skill level 1 in Conjurations
  2497 | D:2      | Noticed a bullfrog
  2507 | D:2      | Killed a bullfrog
  2507 | D:2      | Reached XP level 5. HP: 16/31 MP: 0/9
  3131 | D:3      | Learned a level 2 spell: Passwall
  3561 | D:3      | Reached skill level 5 in Earth Magic
  3880 | D:3      | Found a faded altar of an unknown god.
  3892 | D:3      | Killed from afar by an orc priest

Levels and vault maps discovered:
D:1:      ebering_hopf_link, layout_basic
D:2:      minmay_razor_zed, layout_loops_ring
D:3:      layout_basic, chequers_ecumenical_altar_simple_redux, first_ration

Skill      XL: |  1  2  3  4  5 |
---------------+----------------+-----
Fighting       | 1 2 3 |  3.1
Earth Magic    | 4 5 |  5.0
Conjurations   | 1 2 |  2.4
Spellcasting   | 3 |  3.1
Dodging        | |  1.5
Stealth        | |  2.1
Transmutations | |  0.7

Action                   |  1- 3 |  4- 6 || total
-------------------------+-------+-------++-------
Melee: Club              |    26 |    68 ||    94
Throw: Stone             |    17 |       ||    17
 Cast: Sandblast         |    21 |    20 ||    41
       Stone Arrow       |     9 |    27 ||    36
       Passwall          |       |     1 ||     1
 Stab: Sleeping          |     1 |       ||     1
  Eat: Chunk             |     3 |    11 ||    14
Armor: Robe              |    18 |    10 ||    28
       Leather armour    |       |    18 ||    18
Dodge: Dodged            |    31 |    50 ||    81

Table legend:
 A = Non-vault XP
 B = Vault XP
 C = Vault XP percentage of total XP
 D = Non-vault monster count
 E = Vault monster count
 F = Vault count percentage of total count
                 A         B        C        D         E       F
            +---------+---------+-------+---------+---------+-------
      Total |     265 |      38 |  12.5 |      47 |      15 |  24.2
            +---------+---------+-------+---------+---------+-------
        D:1 |      30 |       0 |   0.0 |      16 |       0 |   0.0
        D:2 |     161 |      38 |  19.1 |      20 |      15 |  42.9
        D:3 |      74 |       0 |   0.0 |      11 |       0 |   0.0
            +---------+---------+-------+---------+---------+-------
